 Dungeon Crawl Stone Soup version 0.22-a0-49-g614aadd (webtiles) character file.

247 KristoblXynda the Sneak (level 6, -12/52 HPs)
             Began as a Naga Gladiator on Jan 8, 2018.
             Splashed by Ijyb's acid (13 damage)
             ... on level 3 of the Dungeon.
             The game lasted 00:04:22 (2657 turns).

KristoblXynda the Sneak (Naga Gladiator)            Turns: 2657, Time: 00:04:24

Health: -12/52     AC:  6    Str: 17    XL:     6   Next: 11%
Magic:  6/6        EV:  9    Int: 10    God:
Gold:   235        SH:  0    Dex: 12    Spells: 5/5 levels left

rFire    . . .     SeeInvis +   a - +0 long sword
rCold    . . .     Gourm    .   (no shield)
rNeg     . . .     Faith    .   l - +0 ring mail
rPois    +         Spirit   .   c - +0 helmet
rElec    .         Reflect  .   (no cloak)
rCorr    .         Harm     .   (no gloves)
MR       .....                  (no barding)
Stlth    ++........             b - amulet of regeneration
HPRegen  0.57/turn              (no ring)
MPRegen  0.10/turn              (no ring)

@: short of breath, very slow
A: large, see invisible, deformed body, poison resistance, slowness 2, slow
metabolism 1, spit poison 1, AC +2
a: Spit Poison


You were on level 3 of the Dungeon.
You were not hungry.

You visited 1 branch of the dungeon, and saw 3 of its levels.

You collected 235 gold pieces.

Inventory:

Hand Weapons
 a - a +0 long sword (weapon)
Missiles
 d - 3 throwing nets (quivered)
Armour
 c - a +0 helmet (worn)
 l - a +0 ring mail (worn)
Jewellery
 b - an amulet of regeneration (around neck)
Scrolls
 m - a scroll of identify
Potions
 e - a potion of lignification {unknown}
 g - a potion of agility {unknown}
Comestibles
 f - 3 rations


   Skills:
 - Level 2.0 Fighting
 + Level 4.5 Long Blades
 - Level 2.0 Throwing
 + Level 1.8 Armour
 - Level 3.0 Dodging
 + Level 4.8 Stealth


You had 5 spell levels left.
You didn't know any spells.

Dungeon Overview and Level Annotations

Branches:
Dungeon (3/15)

Altars:
Qazlal
Zin

Annotations:
D:3 1 runed door, Ijyb


Innate Abilities, Weirdness & Mutations

You cannot wear boots.
Your serpentine skin is tough. (AC +2)
You have supernaturally acute eyesight. (SInv)
Armour fits poorly on your strangely shaped body.
Your system is resistant to poisons. (rPois)
You cover ground very slowly.
You have a slow metabolism.
You can spit poison.


Message History

You hit Ijyb.
Ijyb is heavily wounded.
Ijyb zaps a wand.
The bolt of acid misses you.
You closely miss Ijyb.
Ijyb is heavily wounded.
Ijyb zaps a wand.
The bolt of acid misses you.
You closely miss Ijyb.
Ijyb is heavily wounded.
Ijyb completely misses you.
You riposte.
You hit Ijyb.
Ijyb is severely wounded.
Ijyb hits you with an enchanted club!
Press: ? - help, Shift-Dir - straight line, p - Ijyb The splash of poison misses Ijyb.
You feel slightly more hungry.
You hit Ijyb but do no damage.
Ijyb is severely wounded.
Ijyb hits you with an enchanted club.
Ijyb zaps a wand.
The bolt of acid hits you!
* * * LOW HITPOINT WARNING * * *
You are splashed with acid!
The acid burns!
You die...

... #.# #### #.# #....
#.# # ###.#..###.# .#
####.............##.#
(..........#........####
.......#. ####........#
.......'. ##@##.##.#
.......#. #g# # .......#
#.. .......# #..#
######## .... ...## ...#
....#


You could see Ijyb.

Vanquished Creatures
  2 orc priests (D:3)
  Jessica (D:3)
  Natasha (twice) (D:3)
  8 adders
  A worm (D:2)
  2 dart slugs
  3 orcs (D:3)
  A ball python (D:3)
  A giant cockroach (D:2)
  2 goblins
  2 hobgoblins
  A jackal (D:2)
  5 kobolds
  2 quokkas
  3 bats
  3 frilled lizards
  3 rats
42 creatures vanquished.

Notes
Turn   | Place    | Note
-------+----------+-------------------------------------------
     0 | D:1      | KristoblXynda the Naga Gladiator began the quest for the Orb.
     0 | D:1      | Reached XP level 1. HP: 19/19 MP: 1/1
   249 | D:1      | Reached XP level 2. HP: 26/26 MP: 2/2
   540 | D:2      | HP: 1/26 [worm (7)]
   557 | D:2      | Reached skill level 1 in Stealth
   847 | D:2      | Reached XP level 3. HP: 21/32 MP: 3/3
  1015 | D:2      | Found a stormy altar of Qazlal.
  1015 | D:2      | Found a glowing silver altar of Zin.
  1303 | D:2      | Reached XP level 4. HP: 29/39 MP: 4/4
  2001 | D:3      | Noticed Natasha
  2010 | D:3      | Killed Natasha
  2074 | D:3      | Noticed Jessica
  2079 | D:3      | Killed Jessica
  2079 | D:3      | Reached skill level 1 in Armour
  2079 | D:3      | Reached XP level 5. HP: 45/45 MP: 5/5
  2102 | D:3      | Noticed Natasha
  2114 | D:3      | Killed Natasha
  2211 | D:3      | Reached XP level 6. HP: 21/52 MP: 6/6
  2586 | D:3      | Found a runed door.
  2639 | D:3      | Noticed Ijyb
  2657 | D:3      | HP: 1/52 [Ijyb/wand of acid (6) (19)]
  2657 | D:3      | Splashed by Ijyb's acid

Vault maps used:
D:1:      dpeg_arrival_line_fractal, serial_corexii_hall,
          corexii_hall_statues_u, corexii_hall_statues_l
D:2:      amethyst_overflow_temple_binary, minmay_item_behind_shaft
D:3:      uniq_natasha, uniq_ijyb, uniq_crazy_yiuf_cottage, uniq_jessica

Skill      XL: |  1  2  3  4  5 |
---------------+----------------+-----
Throwing       | 2 |  2.0
Stealth        | 1 2 3 4 |  4.8
Dodging        | 3 |  3.0
Long Blades    | 4 |  4.5
Armour         | 1 |  1.8
Fighting       | |  2.0

Action                   |  1- 3 |  4- 6 || total
-------------------------+-------+-------++-------
Melee: Long sword        |    79 |    81 ||   160
 Abil: Spit Poison       |    11 |    16 ||    27
  Use: Scroll            |       |     4 ||     4
       Potion            |       |     3 ||     3
  Eat: Chunk             |     1 |     1 ||     2
       Ration            |       |     1 ||     1
Armor: Leather armour    |    12 |       ||    12
       Ring mail         |    15 |    41 ||    56
Dodge: Dodged            |    47 |    65 ||   112
       Rpst.: Long sword |    17 |    21 ||    38

Table legend:
 A = Spawn XP
 B = Non-spawn XP
 C = Spawn XP percentage of total XP
 D = Spawn monster count
 E = Non-spawn monster count
 F = Spawn count percentage of total count
 G = Total turns spent on level
                    A         B        C        D         E        F      G
               +---------+---------+-------+---------+---------+-------+---------
         Total |       0 |     353 |   0.0 |       0 |      42 |   0.0 |  2657
               +---------+---------+-------+---------+---------+-------+---------
           D:1 |       0 |      14 |   0.0 |       0 |       9 |   0.0 |   518
           D:2 |       0 |      93 |   0.0 |       0 |      16 |   0.0 |  1479
           D:3 |       0 |     246 |   0.0 |       0 |      17 |   0.0 |   660
               +---------+---------+-------+---------+---------+-------+---------
